 Dungeon Crawl Stone Soup version 0.31-a0-237-g2d982f9f85 (webtiles) character file.

Game seed: 17699261229815940160

131 qw the Shooter (level 5, -2/30 HPs)
             Began as a Gargoyle Hexslinger on July 10, 2023.
             Slain by Duvessa
             ... wielding a +0 short sword
              (3 damage)
             ... on level 4 of the Dungeon.
             The game lasted 00:01:00 (2395 turns).

qw the Shooter (Gargoyle Hexslinger)                Turns: 2395, Time: 00:01:01

Health: -2/30      AC: 10    Str: 11    XL:     5   Next: 14%
Magic:  6/6        EV: 11    Int: 14    God:
Gold:   184        SH:  0    Dex: 14    Spells: 5/6 levels left

rFire   . . .        Y - +3 sling
rCold   . . .        (no shield)
rNeg    + . .        b - +0 leather armour
rPois   inf          (no helmet)
rElec   +            g - +0 cloak
rCorr   .            (no gloves)
SInv    .            h - +1 pair of boots
Will    .....        (no amulet)
Stlth   +            (no ring)
HPRegen 0.25/turn    (no ring)
MPRegen 0.10/turn

%: no passive effects
@: no status effects
A: sickness immunity, AC +4, negative energy resistance 1, electricity
resistance, torment resistance 1, petrification resistance
a: no special abilities


You were on level 4 of the Dungeon.
You visited 1 branch of the dungeon, and saw 4 of its levels.

You collected 184 gold pieces.


Innate Abilities, Weirdness & Mutations

You are immune to sickness and miasma.
Your stone body is resilient. (AC +4)
You are immune to poison.
You resist negative energy. (rN+)
You are resistant to electric shocks. (rElec)
You are resistant to unholy torment.
You are immune to petrification.


   Skills:
 - Level 2.0 Fighting
 + Level 4.9 Ranged Weapons
 - Level 1.5 Dodging
 - Level 1.0 Spellcasting
 - Level 2.6 Hexes


You had 5 spell levels left.
You knew the following spells:

 Your Spells              Type           Power      Damage    Failure   Level
a - Slow                  Hex            32%        N/A       12%         1

Your spell library contained the following spells:

 Spells                   Type           Power      Damage    Failure   Level
 Inner Flame              Hex/Fire       4%         N/A       52%         3
 Portal Projectile        Hex/Tloc       8%         N/A       52%         3
 Cause Fear               Hex            4%         N/A       75%         4

Inventory:

Hand Weapons
 Y - a +3 sling (weapon)
Armour
 b - a +0 leather armour (worn)
 g - a +0 cloak (worn)
 h - a +1 pair of boots (worn)
Scrolls
 a - 6 scrolls of identify
Potions
 e - 2 potions of might
 i - a potion of enlightenment
 j - a potion of haste

Dungeon Overview and Level Annotations

Branches:
Dungeon (4/15)
 Temple: D:4-7

Altars:
Makhleb
Uskayaw
Xom

Annotations:
D:4 Dowan, Duvessa


Message History

The sling bullet hits Duvessa but does no damage.
Duvessa is moderately wounded.
Duvessa says, "When magic and the sword combine, nothing stands against them."
Duvessa hits you with a +0 short sword.
You shoot a sling bullet. The sling bullet barely misses Duvessa.
The sling bullet hits Dowan.
Dowan is severely wounded.
Duvessa hits you but does no damage.
You shoot a sling bullet.
The sling bullet hits Duvessa but does no damage.
Duvessa is moderately wounded.
Duvessa hits you but does no damage.
You shoot a sling bullet. The sling bullet hits Duvessa.
Duvessa is moderately wounded.
Duvessa gestures with her weapon.
Duvessa hits you with a +0 short sword. Duvessa hits you but does no damage.
You shoot a sling bullet. The sling bullet barely misses Duvessa.
The sling bullet closely misses Dowan.
Dowan casts a spell.
Dowan blinks!
Duvessa closely misses you.
You shoot a sling bullet.
The sling bullet hits Duvessa but does no damage.
Duvessa is moderately wounded.
Duvessa hits you but does no damage.
You shoot a sling bullet.
The sling bullet hits Duvessa but does no damage.
Duvessa is moderately wounded.
Dowan gestures at you while chanting. The puff of frost hits you!
Duvessa hits you but does no damage.
You shoot a sling bullet. The sling bullet hits Duvessa.
Duvessa is heavily wounded.
Dowan gestures at you while chanting. The puff of frost hits you.
Duvessa hits you with a +0 short sword.
You shoot a sling bullet.
The sling bullet hits Duvessa but does no damage.
Duvessa is heavily wounded.
Dowan points at you and mumbles some strange words.
The puff of frost hits you but does no damage.
Duvessa hits you with a +0 short sword.
You die...

################
##..e..@e........
#...#########....
#.###..##(((##...
.########.#...##(#(#.#...
.......<..'._.#(((#..#...
.########.#...##.#.#.#..#
#.###..##...##..#
#...#########?..#
##...........


You could see Duvessa, Dowan and 7 dancing weapons.

Vanquished Creatures
  A crimson imp (D:3)
  4 adders (D:2)
  3 worms
  An orc (D:3)
  6 ball pythons
  4 endoplasms
  2 giant cockroaches
  5 goblins
  6 hobgoblins
  4 kobolds
  3 quokkas
  4 bats
  A frilled lizard (D:3)
  3 rats
47 creatures vanquished.

Notes
Turn   | Place    | Note
-------+----------+-------------------------------------------
     0 | D:1      | qw the Gargoyle Hexslinger began the quest for the Orb.
     0 | D:1      | Reached XP level 1. HP: 12/12 MP: 2/2
     0 | D:1      | 0 ||| qw: Version: 0.3-a-52-g30416fa
     0 | D:1      | 0 ||| qw: Game counter: 5390
     0 | D:1      | 0 ||| qw: Melee chars always use a shield: true
     0 | D:1      | 0 ||| qw: God list: Okawaru
     0 | D:1      | 0 ||| qw: Allow faded altars: false
     0 | D:1      | 0 ||| qw: Do Orc after clearing Dungeon:15 true
     0 | D:1      | 0 ||| qw: Do second Lair branch before Depths: true
     0 | D:1      | 0 ||| qw: Lair rune preference: random
     0 | D:1      | 0 ||| qw: Goals: Normal
     0 | D:1      | 0 ||| PLANNING D:1-11
   248 | D:1      | Reached XP level 2. HP: 16/16 MP: 3/3
   449 | D:1      | Reached skill level 3 in Ranged Weapons
   696 | D:1      | 696 ||| READING 3 scrolls labelled AWYAFA PUURHE.
   697 | D:1      | 697 ||| READING 2 scrolls of identify.
   697 | D:1      | 697 ||| IDENTIFYING lumpy white potion
   698 | D:1      | 698 ||| DROPPING scroll of poison.
   902 | D:2      | Reached XP level 3. HP: 21/21 MP: 4/4
  1070 | D:2      | Reached XP level 4. HP: 21/26 MP: 5/5
  1186 | D:2      | Reached skill level 4 in Ranged Weapons
  1515 | D:2      | 1515 ||| UPGRADING to +0 leather armour.
  1525 | D:2      | 1525 ||| DROPPING +0 robe.
  1526 | D:2      | 1526 ||| UPGRADING to +0 cloak.
  1531 | D:2      | 1531 ||| UPGRADING to +1 pair of boots.
  1536 | D:2      | 1536 ||| READING scroll labelled SARCHI PYPRU.
  1537 | D:2      | 1537 ||| READING scroll labelled FIL UPNARU.
  1538 | D:2      | 1538 ||| READING 6 scrolls of identify.
  1538 | D:2      | 1538 ||| IDENTIFYING white potion
  1539 | D:2      | 1539 ||| DROPPING potion of ambrosia.
  2063 | D:3      | Found a burning altar of Makhleb.
  2063 | D:3      | Found a shimmering altar of Xom.
  2103 | D:3      | Reached XP level 5. HP: 27/30 MP: 6/6
  2287 | D:3      | Found a faded altar of an unknown god.
  2326 | D:3      | 2326 ||| READING 2 scrolls labelled ALASEA LIFOIKA.
  2327 | D:3      | 2327 ||| READING scroll of enchant weapon.
  2327 | D:3      | 2327 ||| ENCHANTING +2 sling.
  2328 | D:3      | 2328 ||| READING scroll labelled CIURAB ANECW.
  2332 | D:3      | 2332 ||| READING scroll labelled NUG ITEOPNE EXOSAU.
  2333 | D:3      | 2333 ||| DRINKING 2 smoky silvery potions.
  2334 | D:3      | 2334 ||| DRINKING 2 pink potions.
  2346 | D:4      | Found a hide-covered altar of Uskayaw.
  2346 | D:4      | Noticed a +0 falchion
  2346 | D:4      | Noticed a +0 dagger
  2346 | D:4      | Noticed a +0 falchion
  2347 | D:4      | Noticed a +0 spear
  2348 | D:4      | Noticed a +0 dagger
  2349 | D:4      | Noticed a +0 spear
  2349 | D:4      | Noticed a +0 short sword
  2350 | D:4      | Noticed a +0 short sword
  2369 | D:4      | Noticed Duvessa
  2370 | D:4      | Noticed Dowan
  2373 | D:4      | 2373 ||| FLEEEEING.
  2374 | D:4      | 2374 ||| FLEEEEING.
  2393 | D:4      | HP: 7/30 [Dowan/puff of frost (7)]
  2394 | D:4      | HP: 1/30 [Duvessa/+0 short sword (3)]
  2395 | D:4      | Slain by Duvessa

Levels and vault maps discovered:
D:1:      saegor_arrival_simple_b, layout_loops_ring,
          nicolae_figureground_sparkle
D:2:      minmay_door_path, layout_basic, minivault_4, kennysheep_generic_room_8
D:3:      layout_basic, grunt_temple_overflow_champion_of_chaos,
          hellmonk_ecumenical_altar_prayer_group
D:4:      layout_loops_ring, nicolae_uskayaw_en_pointe, uniq_ijyb, uniq_edmund,
          uniq_duvessa

Skill      XL: |  1  2  3  4 |
---------------+-------------+-----
Ranged Weapons | 3 4 |  4.9
Fighting       | 2 |  2.0
Dodging        | |  1.5
Spellcasting   | |  1.0
Hexes          | |  2.6

Action                     |  1- 3 |  4- 6 || total
---------------------------+-------+-------++-------
   Fire: Sling             |   107 |   132 ||   239
    Use: Scroll            |     2 |     7 ||     9
         Potion            |       |     2 ||     2
 Armour: Robe              |    20 |     2 ||    22
         Leather armour    |       |    28 ||    28
  Dodge: Dodged            |    36 |    28 ||    64

Table legend:
 A = Non-vault XP
 B = Vault XP
 C = Vault XP percentage of total XP
 D = Non-vault monster count
 E = Vault monster count
 F = Vault count percentage of total count
                 A         B        C        D         E       F
            +---------+---------+-------+---------+---------+-------
      Total |     130 |      58 |  30.9 |      41 |       6 |  12.8
            +---------+---------+-------+---------+---------+-------
        D:1 |      24 |       0 |   0.0 |      13 |       0 |   0.0
        D:2 |      74 |       4 |   5.1 |      13 |       3 |  18.8
        D:3 |      32 |      54 |  62.8 |      15 |       3 |  16.7
            +---------+---------+-------+---------+---------+-------
